 Dungeon Crawl Stone Soup version 0.20.0-15-g7f486f2 (webtiles) character file.

46 Gargoyl the Skirmisher (level 3, -5/33 HPs)
             Began as a Draconian Abyssal Knight on June 22, 2017.
             Was a Follower of Lugonu.
             Slain by Sigmund
             ... wielding a +0 scythe
              (12 damage)
             ... on level 2 of the Dungeon.
             The game lasted 00:02:58 (1756 turns).

Gargoyl the Skirmisher (Draconian Abyssal Knight)   Turns: 1756, Time: 00:02:59

Health: -5/33      AC:  5    Str: 14    XL:     3   Next: 44%
Magic:  4/4        EV: 12    Int: 17    God:    Lugonu [*.....]
Gold:   101        SH:  0    Dex: 11    Spells: 2/2 levels left

rFire    . . .     SeeInvis .   a - +2 hand axe
rCold    . . .     Gourm    .   (no shield)
rNeg     . . .     Faith    .   (armour unavailable)
rPois    .         Spirit   .   (helmet restricted)
rElec    .         Reflect  .   (no cloak)
rCorr    .         Harm     .   (no gloves)
MR       .....                  (no boots)
Stlth    +.........             (no amulet)
Regen    0.2/turn               (no ring)
MPRegen  0.1/turn               (no ring)

@: brilliant
A: unfitting armour, cold-blooded, AC +5
a: Depart the Abyss, Renounce Religion


You were on level 2 of the Dungeon.
You worshipped Lugonu.
Lugonu was aware of your devotion.
You were not hungry.

You visited 1 branch of the dungeon, and saw 2 of its levels.
You visited the Abyss 1 time.

You collected 101 gold pieces.

Inventory:

Hand Weapons
 a - a +2 hand axe (weapon)
Missiles
 d - 7 tomahawks (quivered)
 e - 8 javelins
Jewellery
 i - a cursed ring of teleportation {unknown}
Potions
 f - a potion of ambrosia {unknown}
Comestibles
 b - 2 bread rations
 c - a chunk of flesh


   Skills:
 + Level 3.8 Fighting
 + Level 2.2 Axes
 * Level 2.7 Dodging
 * Level 1.1 Stealth
 * Level 2.2 Invocations


You had 2 spell levels left.
You didn't know any spells.

Dungeon Overview and Level Annotations

Branches:
Dungeon (2/15)

Altars:

Annotations:
D:2 Sigmund


Innate Abilities, Weirdness & Mutations

Your plain brown scales are hard. (AC +5)
You cannot fit into any form of body armour.
You are cold-blooded and may be slowed by cold attacks.


Message History

Something hits you.
A bat comes into view.
Okay, then.
You miss something.
The bat moves out of view.
You barely miss something. You tail-slap something.
Something hits you but does no damage.
You hit something but do no damage. Something hits you.
You hit something but do no damage. You tail-slap something.
Something hits you but does no damage.
You hit something. Something hits you but does no damage.
You hit something.
It was a potion of curing.
You feel better. Something hits you!
You closely miss something. Something hits you!
You barely miss something. Something hits you!
* * * LOW HITPOINT WARNING * * *
You miss something.
It was a potion of brilliance.
You feel clever all of a sudden. Something hits you!
You die...

##. .##.#..####
......... .. # ........
...#. ...... .....
###.... ####. # #...b.
.. #...# ## #.#.##{#
#.##...# #.#.##@#
#.##...### #......#
#...P8...# ######.####
#..#..8..# #
#......######..#.....#
#
...####.....##..#.8...#
# #.....##..#.#...### #
##.........#.#.#...###
#......##.............
#......###.#.###...#..


You could see a bat.

Vanquished Creatures
  2 dart slugs (D:1)
  A bat zombie (D:2)
  A giant cockroach (D:1)
  4 goblins (D:1)
  8 hobgoblins
  3 jackals (D:1)
  3 kobolds
  A ball python zombie (D:2)
  7 bats
  A leopard gecko skeleton (D:2)
  8 rats
39 creatures vanquished.

Notes
Turn   | Place    | Note
-------+----------+-------------------------------------------
     0 | Abyss:1  | Gargoyl the Draconian Abyssal Knight began the quest for the Orb.
     0 | Abyss:1  | Reached XP level 1. HP: 19/19 MP: 2/2
    67 | Abyss:1  | Noticed a worldbinder
    72 | Abyss:1  | Noticed a ynoxinul
    86 | D:1      | Escaped the Abyss
   516 | D:1      | Reached * piety under Lugonu
   516 | D:1      | Reached XP level 2. HP: 20/26 MP: 3/3
   973 | D:1      | Reached XP level 3. HP: 29/33 MP: 4/4
  1139 | D:1      | Reached skill level 1 in Stealth
  1740 | D:2      | Noticed Sigmund
  1756 | D:2      | Slain by Sigmund

Skill      XL: |  1  2  3 |
---------------+----------+-----
Stealth        | 1 |  1.1
Fighting       | |  3.8
Axes           | |  2.2
Dodging        | |  2.7
Invocations    | |  2.2

Action                   || total
-------------------------++-------
Melee: Hand axe          ||   117
       Tailslap          ||    12
Invok: Depart the Abyss  ||     1
  Use: Scroll            ||     1
       Potion            ||     2
 Stab: Sleeping          ||     4
  Eat: Chunk             ||     3
Armor: Skin              ||    30
Dodge: Dodged            ||   105
